 Dungeon Crawl Stone Soup version 0.24-a0-582-g4d4af813a0 (webtiles) character file.

Game seed: 16841290408935777491

116326 Ijustatesigmund the Blocker (level 16, -6/129 HPs)
             Began as a Gnoll Fighter on Aug 26, 2019.
             Was the Champion of Okawaru.
             Mangled by a wolf spider (13 damage)
             ... on level 2 of the Spider Nest on Aug 27, 2019.
             The game lasted 01:26:13 (29076 turns).

Ijustatesigmund the Blocker (Gnoll Fighter)        Turns: 29076, Time: 01:26:14

Health: -6/129     AC: 33    Str: 25    XL:     16   Next: 71%
Magic:  39/39      EV: 22    Int: 11    God:    Okawaru [******]
Gold:   2208       SH:  0    Dex: 19    Spells: 33/36 levels left

rFire    . . .     SeeInvis .   K - +8 broad axe (flame)
rCold    + . .     Gourm    .   c - +0 shield
rNeg     . . .     Faith    .   T - +3 chain mail "Quishribo" {+Blink Regen+ MP+9 Dex+3}
rPois    +         Spirit   .   p - +2 hat
rElec    .         Reflect  +   I - +2 cloak
rCorr    .         Harm     .   x - +2 pair of gloves
MR       +....                  P - +2 pair of boots
Stlth    ..........             g - +4 amulet of reflection
HPRegen  0.71/turn              Y - ring of Itranyw {Wiz rPois Str+5 Dex-4}
MPRegen  0.26/turn              k - +3 ring of protection

@: confused, heroism
A: distributed training, fangs 1, repulsion field 1, cold resistance 1, strong
nose
a: Heroism, Finesse, Renounce Religion, Evoke Blink


You were on level 2 of the Spider Nest.
You worshipped Okawaru.
Okawaru was exalted by your worship.
You were not hungry.

You visited 4 branches of the dungeon, and saw 25 of its levels.
You visited the Abyss 1 time.
You also visited: Ice Cave.

You collected 2672 gold pieces.
You spent 464 gold pieces at shops.

Inventory:

Hand Weapons
 H - the +4 double sword of Oghair {protect, *Slow rC+++ Str+6}
   (Okawaru gifted it to you on level 11 of the Dungeon)

   It grants its wielder temporary protection when it strikes (+7 to AC).
   It affects your strength (+6).
   It renders you almost immune to cold.
   It may slow you when you take damage.
 K - a +8 broad axe of flaming (weapon)
 L - the +8 arbalest of Guilt {speed, Stlth+}
   (Okawaru gifted it to you on level 11 of the Dungeon)

   Attacks with this weapon are significantly faster.
   It makes you more stealthy.
 N - the +6 morningstar of Abuse {crush, rPois rF+ rC+}
   (Okawaru gifted it to you on level 6 of the Lair of Beasts)

   It inflicts extra damage upon your enemies.
   It protects you from fire.
   It protects you from cold.
   It protects you from poison.
Missiles
 M - 136 bolts
 S - a throwing net (quivered)
Armour
 c - a +0 shield (worn)
 n - the +9 crystal plate armour of Past Mistakes {Str+8}
   (Okawaru gifted it to you on level 2 of the Orcish Mines)

   It affects your strength (+8).
 p - a +2 hat (worn)
 x - a +2 pair of gloves (worn)
 I - a +2 cloak (worn)
 P - a +2 pair of boots (worn)
 T - the +3 chain mail "Quishribo" (worn) {+Blink Regen+ MP+9 Dex+3}
   (You found it on level 3 of the Lair of Beasts)

   It affects your dexterity (+3).
   It affects your magic capacity (+9).
   It lets you blink.
   It increases your rate of regeneration.
Jewellery
 g - a +4 amulet of reflection (around neck)
 k - a +3 ring of protection (right hand)
 l - an uncursed ring of resist corrosion
 o - an uncursed ring of flight
 q - an uncursed ring of positive energy
 t - an uncursed amulet of regeneration
 Y - the ring of Itranyw (left hand) {Wiz rPois Str+5 Dex-4}
   (You found it on level 14 of the Dungeon)

   [ring of wizardry]

   It improves your spell success rate.
   It affects your strength (+5).
   It affects your dexterity (-4).
   It protects you from poison.
 Z - a +2 ring of protection
Wands
 a - a wand of paralysis (11)
 d - a wand of acid (13)
 j - a wand of enslavement (6)
 C - a wand of flame (6)
 J - a wand of iceblast (7)
 V - a wand of disintegration (17)
 W - a wand of scattershot (14)
Scrolls
 i - 9 scrolls of remove curse
 r - 2 scrolls of teleportation
 s - a scroll of magic mapping
 y - a scroll of enchant armour
 A - 3 scrolls of fog
 D - 2 scrolls of silence
 E - 2 scrolls of fear
 G - 7 scrolls of identify
 O - a scroll of blinking
Potions
 b - a potion of haste
 e - a potion of cancellation
 h - 3 potions of agility
 m - 6 potions of curing
 u - 9 potions of might
 w - 5 potions of flight
 z - 8 potions of magic
 B - 3 potions of mutation
 F - 2 potions of brilliance
 Q - a potion of invisibility
 R - 2 potions of heal wounds
 X - a potion of resistance
Comestibles
 f - 34 rations


   Skills:
 + Level 12.4(17.4) Fighting
 + Level 10.8(15.8) Short Blades
 + Level 10.8(15.8) Long Blades
 + Level 10.8(15.8) Axes
 + Level 11.6(16.6) Maces & Flails
 + Level 10.8(15.8) Polearms
 + Level 10.8(15.8) Staves
 + Level 10.8(15.8) Slings
 + Level 10.8(15.8) Bows
 + Level 10.8(15.8) Crossbows
 + Level 10.8(15.8) Throwing
 + Level 12.4(17.4) Armour
 + Level 10.8(15.8) Dodging
 + Level 10.8(15.8) Stealth
 + Level 12.4(17.4) Shields
 + Level 10.8(15.8) Unarmed Combat
 + Level 10.8 Spellcasting
 + Level 9.2 Conjurations
 + Level 9.2 Hexes
 + Level 9.2 Charms
 + Level 9.2 Summonings
 + Level 9.2 Necromancy
 + Level 9.2 Translocations
 + Level 9.2 Transmutations
 + Level 9.2 Fire Magic
 + Level 9.2 Ice Magic
 + Level 9.2 Air Magic
 + Level 9.2 Earth Magic
 + Level 9.2 Poison Magic
 + Level 11.7 Invocations
 + Level 10.8 Evocations


You had 33 spell levels left.
You knew the following spells:

 Your Spells              Type           Power        Failure   Level  Hunger
a - Conjure Flame         Conj/Fire      ####....     1%          3    ##.....

Your spell library contained the following spells:

 Spells                   Type           Power        Failure   Level  Hunger
 Animate Skeleton         Necr           N/A          1%          1    None
 Flame Tongue             Conj/Fire      ####.        1%          1    None
 Freeze                   Ice            ####         1%          1    None
 Pain                     Necr           ####         1%          1    None
 Sting                    Conj/Pois      ####         1%          1    None
 Ensorcelled Hibernation  Hex/Ice        ####..       1%          2    None
 Poisonous Vapours        Pois/Air       ####..       1%          2    None
 Throw Flame              Conj/Fire      ####..       1%          2    None
 Throw Frost              Conj/Ice       ####..       1%          2    None
 Ignite Poison            Fire/Tmut/Pois ####....     1%          3    ##.....
 Inner Flame              Hex/Fire       ####....     1%          3    ##.....
 Ozocubu's Armour         Chrm/Ice       ####....     1%          3    ##.....
 Regeneration             Chrm/Necr      ####......   1%          3    ##.....
 Vampiric Draining        Necr           ####......   1%          3    ##.....
 Animate Dead             Necr           N/A          4%          4    ####...
 Olgreb's Toxic Radiance  Pois           ####....     4%          4    ####...
 Sticky Flame             Conj/Fire      ####....     4%          4    ####...
 Summon Ice Beast         Ice/Summ       ####....     4%          4    ####...
 Throw Icicle             Conj/Ice       ####....     4%          4    ####...
 Alistair's Intoxication  Tmut/Pois      ####....     11%         5    #####..
 Borgnjor's Vile Clutch   Necr/Erth      ####......   11%         5    #####..
 Fireball                 Conj/Fire      ####......   11%         5    #####..
 Silence                  Hex/Air        ####......   11%         5    #####..
 Venom Bolt               Conj/Pois      ####......   11%         5    #####..
 Darkness                 Hex            ####......   47%         6    #######
 Shadow Creatures         Summ           N/A          47%         6    #######


Dungeon Overview and Level Annotations

Branches:
Dungeon (15/15)            Temple (0/1) D:4            Lair (6/6) D:9
  Swamp (0/4) Lair:3       Spider (2/4) Lair:4        Slime (0/5) Lair:5
    Orc (2/2) D:11            Elf (0/3) Orc:2        Vaults (0/5) D:13
 Depths (0/5) D:15          IceCv (visited)

Altars:
Fedhas
Makhleb
Okawaru
Ru
Trog
Yredelemnul
Jiyva

Shops:
D:4 }   Orc:1 *   Orc:2 ?[(}

Portals:
Trove: D:15 (give horn of Geryon)

Annotations:
D:12 3 runed translucent doors
D:13 3 runed translucent doors, Apoudera's ghost, journeyman GrEE; Gonnurakk's ghost, journeyman SpEn


Innate Abilities, Weirdness & Mutations

Your experience applies equally to all skills.
You have very sharp teeth.
Your uncanny sense of smell can sniff out nearby items.
You are surrounded by a mild repulsion field. (EV +2)
Your flesh is cold resistant. (rC+)


Message History

The tarantella completely misses you. The wolf spider hits you.
The wolf spider completely misses you. The tarantella misses you.
The tarantella completely misses you. The wolf spider closely misses you.
The wolf spider bites you!
The moth of wrath goads the tarantella on!
The tarantella goes berserk!
The tarantella bites you!!
* * * LOW HITPOINT WARNING * * *
You are more confused.
The wolf spider hits you!
* * * LOW HITPOINT WARNING * * *
The wolf spider bites you!
* * * LOW HITPOINT WARNING * * *
The tarantella bites you.
* * * LOW HITPOINT WARNING * * *
You feel much better. The wolf spider barely misses you.
The wolf spider bites you!
* * * LOW HITPOINT WARNING * * *
The tarantella completely misses you. The tarantella barely misses you.
The wolf spider closely misses you. The wolf spider bites you!
You die...

##.....###.....#
#.....(#.......#
#............^##
..
##.............#
##..
##<.†.........#
..^..
###..>.......#
.....
##.......#.#.s....
####....###.....!
#....s@sy.....
#....sss...... ∆
#....#s.......
#.....$....^..
#.........#### ∆
#........##
#.....#### #...##
#...


You could see 2 wolf spiders, a moth of wrath, an orb spider and 4 tarantellas.

Vanquished Creatures
  Saint Roka (Orc:2)
  A frost giant (IceCv)
  2 entropy weavers
  5 dire elephants (Lair:6)
  Snorg (D:10)
  The ghost of SkyBlueFox the Transmogrifier, a journeyman DrTm of Wu Jian (D:11)
  An ettin (D:15)
  8 vault guards
  5 hydras
  A catoblepas (D:15)
  A centaur warrior (D:15)
  An anaconda (Lair:6)
  5 two-headed ogres
  8 death yaks (Lair:5)
  2 tengu warriors
  4 orc high priests (Orc:2)
  Sonja (Lair:1)
  A deep elf knight (D:15)
  A fire crab (Lair:4)
  A deep troll (D:14)
  2 wizards (D:14)
  6 unseen horrors
  An orb spider (Spider:1)
  A wolf spider zombie (D:13)
  17 ugly things
  4 wolf spiders
  4 cyclopes
  A deep elf mage (D:14)
  4 manticores
  6 orc sorcerers (Orc:2)
  Joseph (D:7)
  A moth of wrath (D:11)
  9 elephants (Lair:6)
  A black mamba (shapeshifter) (D:15)
  5 black mambas
  A torpor snail (Lair:6)
  8 spiny frogs
  2 ice statues (IceCv)
  3 gargoyles
  A kobold demonologist (D:11)
  A yaktaur (D:11)
  An efreet (D:15)
  4 demonic crawlers
  A freezing wraith (D:11)
  A harpy zombie (D:15)
  8 komodo dragons
  A merfolk (D:10)
  21 polar bears
  3 hornets
  A tyrant leech (Lair:3)
  14 trolls
  A queen bee (D:11)
  Prince Ribbit (D:8)
  6 slime creatures (D:12)
  5 dream sheep (Lair:6)
  13 blink frogs
  13 hippogriffs
  A meliai zombie (D:14)
  A ynoxinul (Abyss:1)
  8 redbacks
  A shadow (D:12)
  4 tarantellas
  5 wyverns
  A tarantella (shapeshifter) (D:13)
  40 yaks
  2 basilisks
  Grum (Lair:1)
  6 vampire mosquitoes
  3 hungry ghosts
  4 wargs
  13 water moccasins
  5 porcupines
  4 sky beasts
  4 ice beasts
  30 orc warriors
  13 ogres
  An eye of draining (D:14)
  5 phantoms
  34 wolves
  8 centaurs
  13 crocodiles
  13 bullfrogs
  A gnoll sergeant (Orc:1)
  A wyvern skeleton (D:12)
  6 scorpions
  A water moccasin skeleton (D:7)
  32 killer bees
  3 wights (D:14)
  7 howler monkeys
  7 electric eels
  6 crimson imps
  2 bullfrog zombies
  2 quasits
  4 centaur zombies
  6 hounds
  3 jellies
  31 orc priests
  28 orc wizards
  3 centaur skeletons
  2 iguanas
  4 worker ants
  8 ogre zombies (D:11)
  A hound skeleton (D:8)
  A worker ant zombie (D:11)
  A howler monkey skeleton (D:10)
  3 gnolls (D:2)
  9 adders
  4 shadow imps
  12 white imps (Lair:5)
  8 oozes
  An adder zombie (D:4)
  An adder skeleton (D:4)
  2 worms
  7 leopard geckos
  94 orcs
  8 bats
  9 giant cockroaches
  6 goblins (D:1)
  5 hobgoblins
  6 jackals
  15 kobolds
  5 quokkas
  A ball python (D:1)
  5 frilled lizards
  3 goblin skeletons (D:11)
  2 goblin zombies (D:11)
  A hobgoblin skeleton (D:11)
  2 hobgoblin zombies (D:11)
  A leopard gecko zombie (D:6)
  3 orc skeletons (D:11)
  14 orc zombies (D:11)
  13 rats
  3 fungi
  8 plants (Lair:6)
855 creatures vanquished.

Vanquished Creatures (collateral kills)
  An acid dragon (D:11)
  A bullfrog (D:14)
2 creatures vanquished.

Vanquished Creatures (others)
  An unseen horror (D:14)
  An elephant (Lair:6)
  A basilisk (Lair:4)
  2 orc warriors (Orc:2)
  4 centaurs
  A bullfrog (D:11)
  2 jellies
  An ooze (D:2)
  2 orcs
  7 fungi
  6 plants
  6 toadstools (D:2)
34 creatures vanquished.

Grand Total: 891 creatures vanquished

Notes
Turn   | Place    | Note
-------+----------+-------------------------------------------
     0 | D:1      | Ijustatesigmund the Gnoll Fighter began the quest for the
                  | Orb.
     0 | D:1      | Reached XP level 1. HP: 23/23 MP: 1/1
    99 | D:1      | Reached XP level 2. HP: 28/29 MP: 2/2
   529 | D:1      | Reached XP level 3. HP: 34/35 MP: 3/3
   732 | D:2      | Found an iron altar of Okawaru.
   732 | D:2      | Noticed a hippogriff
   745 | D:2      | Killed a hippogriff
   745 | D:2      | Reached skill level 1 in Short Blades
   745 | D:2      | Reached skill level 1 in Long Blades
   745 | D:2      | Reached skill level 1 in Axes
   745 | D:2      | Reached skill level 1 in Polearms
   745 | D:2      | Reached skill level 1 in Staves
   745 | D:2      | Reached skill level 1 in Slings
   745 | D:2      | Reached skill level 1 in Bows
   745 | D:2      | Reached skill level 1 in Crossbows
   745 | D:2      | Reached skill level 1 in Throwing
   745 | D:2      | Reached skill level 1 in Dodging
   745 | D:2      | Reached skill level 1 in Stealth
   745 | D:2      | Reached skill level 1 in Unarmed Combat
   745 | D:2      | Reached skill level 1 in Spellcasting
   745 | D:2      | Reached skill level 1 in Conjurations
   745 | D:2      | Reached skill level 1 in Hexes
   745 | D:2      | Reached skill level 1 in Charms
   745 | D:2      | Reached skill level 1 in Summonings
   745 | D:2      | Reached skill level 1 in Necromancy
   745 | D:2      | Reached skill level 1 in Translocations
   745 | D:2      | Reached skill level 1 in Transmutations
   745 | D:2      | Reached skill level 1 in Fire Magic
   745 | D:2      | Reached skill level 1 in Ice Magic
   745 | D:2      | Reached skill level 1 in Air Magic
   745 | D:2      | Reached skill level 1 in Earth Magic
   745 | D:2      | Reached skill level 1 in Poison Magic
   745 | D:2      | Reached skill level 1 in Invocations
   745 | D:2      | Reached skill level 1 in Evocations
   745 | D:2      | Reached XP level 4. HP: 17/41 MP: 4/6
   745 | D:2      | Reached XP level 5. HP: 19/47 MP: 4/7
   931 | D:2      | Became a worshipper of Warmaster Okawaru
  1004 | D:2      | Reached XP level 6. HP: 53/53 MP: 8/8
  1215 | D:2      | Reached skill level 5 in Maces & Flails
  1650 | D:3      | Cast into level 1 of the Abyss (a distortion unwield)
  1659 | Abyss:1  | Noticed a ynoxinul
  1669 | Abyss:1  | Killed a ynoxinul
  1669 | Abyss:1  | Reached XP level 7. HP: 59/59 MP: 10/10
  1671 | D:3      | Escaped the Abyss
  1755 | D:3      | Gained mutation: Your flesh is cold resistant. (rC+)
                  | [potion of mutation]
  1755 | D:3      | Gained mutation: You are surrounded by a mild repulsion
                  | field. (EV +2) [potion of mutation]
  2146 | D:4      | Reached * piety under Okawaru
  2188 | D:4      | Found a staircase to the Ecumenical Temple.
  2249 | D:4      | Reached XP level 8. HP: 60/67 MP: 12/12
  2255 | D:4      | Found Lyrrar's Gadget Emporium.
  2734 | D:5      | Entered Level 5 of the Dungeon
  2758 | D:4      | Reached ** piety under Okawaru
  4042 | D:5      | Found a blossoming altar of Fedhas.
  4306 | D:6      | Reached XP level 9. HP: 72/72 MP: 14/14
  4987 | D:7      | Reached *** piety under Okawaru
  5573 | D:7      | Killed an unseen horror
  5573 | D:7      | Reached skill level 5 in Invocations
  6051 | D:7      | Reached XP level 10. HP: 59/80 MP: 17/17
  6064 | D:7      | Reached **** piety under Okawaru
  6287 | D:7      | Noticed Joseph
  6303 | D:7      | Paralysed by Joseph for 4 turns
  6312 | D:7      | Killed Joseph
  6641 | D:7      | Reached skill level 5 in Short Blades
  6641 | D:7      | Reached skill level 5 in Long Blades
  6641 | D:7      | Reached skill level 5 in Axes
  6641 | D:7      | Reached skill level 5 in Polearms
  6641 | D:7      | Reached skill level 5 in Staves
  6641 | D:7      | Reached skill level 5 in Slings
  6641 | D:7      | Reached skill level 5 in Bows
  6641 | D:7      | Reached skill level 5 in Crossbows
  6641 | D:7      | Reached skill level 5 in Throwing
  6641 | D:7      | Reached skill level 5 in Dodging
  6641 | D:7      | Reached skill level 5 in Stealth
  6641 | D:7      | Reached skill level 5 in Unarmed Combat
  6641 | D:7      | Reached skill level 5 in Spellcasting
  6641 | D:7      | Reached skill level 5 in Evocations
  6709 | D:8      | Found a sacrificial altar of Ru.
  7294 | D:8      | Received a gift from Okawaru
  8607 | D:9      | Noticed Prince Ribbit
  8626 | D:9      | Found a staircase to the Lair.
  8659 | D:8      | Killed Prince Ribbit
  9335 | D:9      | Reached ***** piety under Okawaru
  9785 | D:10     | Entered Level 10 of the Dungeon
  9785 | D:10     | Noticed a two-headed ogre
  9805 | D:10     | Killed a two-headed ogre
  9805 | D:10     | Reached XP level 11. HP: 57/87 MP: 19/19
 10155 | D:10     | Reached skill level 5 in Conjurations
 10155 | D:10     | Reached skill level 5 in Hexes
 10155 | D:10     | Reached skill level 5 in Charms
 10155 | D:10     | Reached skill level 5 in Summonings
 10155 | D:10     | Reached skill level 5 in Necromancy
 10155 | D:10     | Reached skill level 5 in Translocations
 10155 | D:10     | Reached skill level 5 in Transmutations
 10155 | D:10     | Reached skill level 5 in Fire Magic
 10155 | D:10     | Reached skill level 5 in Ice Magic
 10155 | D:10     | Reached skill level 5 in Air Magic
 10155 | D:10     | Reached skill level 5 in Earth Magic
 10155 | D:10     | Reached skill level 5 in Poison Magic
 10347 | D:10     | Noticed Snorg
 10360 | D:10     | Killed Snorg
 10360 | D:10     | Received a gift from Okawaru
 10641 | D:10     | Killed an unseen horror
 10641 | D:10     | Received a gift from Okawaru
 11359 | D:11     | Received a gift from Okawaru
 11574 | D:11     | Noticed a cyclops
 11582 | D:11     | Killed a cyclops
 11599 | D:11     | Found a burning altar of Makhleb.
 11601 | D:11     | Noticed a tengu warrior
 11616 | D:11     | Killed an unseen horror
 11616 | D:11     | Received a gift from Okawaru
 11622 | D:11     | Killed a tengu warrior
 11773 | D:11     | Noticed a cyclops
 11782 | D:11     | Noticed a manticore
 11804 | D:11     | Killed a manticore
 11812 | D:11     | Killed a cyclops
 11812 | D:11     | Reached XP level 12. HP: 91/96 MP: 22/22
 11848 | D:11     | Noticed a soul eater
 11851 | D:11     | Noticed a soul eater
 12068 | D:11     | Received a gift from Okawaru
 12093 | D:11     | Got a slimy double sword {god gift}
 12099 | D:11     | Identified the +4 double sword of Oghair {protect, *Slow
                  | rC+++ Str+6} (Okawaru gifted it to you on level 11 of the
                  | Dungeon)
 12211 | D:11     | Found a staircase to the Orcish Mines.
 12612 | D:11     | Found a transporter.
 12616 | D:11     | Noticed SkyBlueFox's ghost (journeyman DrTm)
 12628 | D:11     | Reached ****** piety under Okawaru
 12629 | D:11     | Found a transporter.
 13009 | D:11     | Got a crystal arbalest {god gift}
 13010 | D:11     | Identified the +8 arbalest of Guilt {speed, Stlth+}
                  | (Okawaru gifted it to you on level 11 of the Dungeon)
 13104 | D:11     | Identified Laelemopt's Compendium of Poison
 13199 | D:11     | Killed SkyBlueFox's ghost
 13207 | D:11     | Received a gift from Okawaru
 13210 | D:11     | Got a crude longbow {god gift}
 13211 | D:11     | Identified the +5 longbow of Jugenoz {venom, Int+6 Dex+8}
                  | (Okawaru gifted it to you on level 11 of the Dungeon)
 13222 | D:11     | Got a scorched hat
 13233 | D:11     | Identified the +1 hat "Tuiw" {rElec Int+3 Dex-5} (You found
                  | it on level 11 of the Dungeon)
 13360 | D:12     | Reached skill level 10 in Fighting
 13360 | D:12     | Reached skill level 10 in Armour
 13360 | D:12     | Reached skill level 10 in Shields
 13587 | D:12     | Reached XP level 13. HP: 103/103 MP: 24/24
 13813 | D:12     | Received a gift from Okawaru
 13844 | D:12     | Found a runed translucent gate.
 13845 | D:12     | Found a runed translucent gate.
 13846 | D:12     | Found a runed translucent gate.
 13846 | D:12     | Noticed a red very ugly thing
 14593 | D:13     | Learned a level 3 spell: Conjure Flame
 14745 | D:13     | Found a runed translucent gate.
 14745 | D:13     | Found a runed translucent gate.
 14745 | D:13     | Found a runed translucent gate.
 14793 | D:13     | Noticed Apoudera's ghost (journeyman GrEE)
 14794 | D:13     | Noticed Gonnurakk's ghost (journeyman SpEn)
 14918 | D:13     | Noticed a vault guard
 14922 | D:13     | Noticed a vault guard
 14923 | D:13     | Noticed a vault guard
 14924 | D:13     | Noticed a vault guard
 14924 | D:13     | Noticed a vault guard
 14927 | D:13     | Noticed a vault guard
 14935 | D:13     | Killed a vault guard
 15053 | D:12     | Killed a vault guard
 15053 | D:12     | Received a gift from Okawaru
 15073 | D:12     | Killed a vault guard
 15081 | D:12     | Killed a vault guard
 15081 | D:12     | Received a gift from Okawaru
 15266 | D:12     | Killed a vault guard
 15436 | D:13     | Noticed a vault guard
 15442 | D:13     | Killed a vault guard
 15456 | D:13     | Killed a vault guard
 15494 | D:13     | Noticed a vault guard
 15854 | D:13     | Killed a vault guard
 15957 | D:13     | Found a gate to the Vaults.
 16445 | D:14     | Got a coiled copper ring
 16447 | D:14     | Identified the ring of Itranyw {Wiz rPois Str+5 Dex-4} (You
                  | found it on level 14 of the Dungeon)
 16473 | D:14     | Received a gift from Okawaru
 16508 | D:14     | Found a bloodstained altar of Trog.
 16526 | D:14     | Reached XP level 14. HP: 111/111 MP: 26/26
 17274 | D:15     | Entered Level 15 of the Dungeon
 17307 | D:15     | Reached skill level 10 in Maces & Flails
 17344 | D:15     | Received a gift from Okawaru
 17785 | D:15     | Found a portal to a secret trove of treasure.
 18373 | D:15     | Received a gift from Okawaru
 18403 | D:15     | Got a polished scale mail {god gift}
 18414 | D:15     | Identified the +1 scale mail "Loir" {-Tele MR++ Str+4}
                  | (Okawaru gifted it to you on level 15 of the Dungeon)
 18455 | D:15     | Found a staircase to the Depths.
 18571 | D:15     | Reached skill level 10 in Invocations
 18913 | Lair:1   | Entered Level 1 of the Lair of Beasts
 19014 | Lair:1   | Noticed Sonja
 19021 | Lair:1   | Killed Sonja
 19137 | Lair:1   | Noticed Grum
 19150 | Lair:1   | Killed Grum
 20843 | Lair:3   | Got a tiger eye-encrusted chain mail
 20860 | Lair:2   | Identified the +3 chain mail "Quishribo" {+Blink Regen+
                  | MP+9 Dex+3} (You found it on level 3 of the Lair of Beasts)
 21279 | Lair:3   | Found a staircase to the Swamp.
 21541 | Lair:4   | Reached XP level 15. HP: 119/119 MP: 28/28
 21727 | Lair:4   | Found a hole to the Spider Nest.
 22159 | Lair:5   | Found a staircase to the Slime Pits.
 22182 | Lair:5   | Received a gift from Okawaru
 22203 | Lair:5   | Found a viscous altar of Jiyva.
 22336 | Lair:5   | Received a gift from Okawaru
 22392 | Lair:5   | Found a frozen archway.
 22431 | IceCv    | Entered an ice cave
 22477 | IceCv    | Received a gift from Okawaru
 22789 | IceCv    | Noticed a frost giant
 22813 | IceCv    | Killed a frost giant
 22813 | IceCv    | Reached skill level 10 in Short Blades
 22813 | IceCv    | Reached skill level 10 in Long Blades
 22813 | IceCv    | Reached skill level 10 in Axes
 22813 | IceCv    | Reached skill level 10 in Polearms
 22813 | IceCv    | Reached skill level 10 in Staves
 22813 | IceCv    | Reached skill level 10 in Slings
 22813 | IceCv    | Reached skill level 10 in Bows
 22813 | IceCv    | Reached skill level 10 in Crossbows
 22813 | IceCv    | Reached skill level 10 in Throwing
 22813 | IceCv    | Reached skill level 10 in Dodging
 22813 | IceCv    | Reached skill level 10 in Stealth
 22813 | IceCv    | Reached skill level 10 in Unarmed Combat
 22813 | IceCv    | Reached skill level 10 in Spellcasting
 22813 | IceCv    | Reached skill level 10 in Evocations
 23095 | IceCv    | Identified the cursed +2 halberd "Undertaker" {holy, +Fly
                  | rF+ rC+ Int-4 Stlth+} (You found it in an ice cave)
 23206 | Lair:5   | You fall into a shaft and drop 1 floor!
 23206 | Lair:6   | Entered Level 6 of the Lair of Beasts
 24383 | Lair:6   | Found a basalt altar of Yredelemnul.
 24820 | Lair:6   | Reached XP level 16. HP: 112/127 MP: 30/30
 25273 | Lair:6   | Received a gift from Okawaru
 25295 | Lair:6   | Identified the +6 morningstar of Abuse {crush, rPois rF+
                  | rC+} (Okawaru gifted it to you on level 6 of the Lair of
                  | Beasts)
 25608 | Lair:6   | Identified the cursed +2 hand axe "Mugrufie" {freeze, rF+
                  | Int+4 Dex+3} (You found it on level 6 of the Lair of
                  | Beasts)
 26310 | Orc:1    | Entered Level 1 of the Orcish Mines
 26385 | Orc:2    | Entered Level 2 of the Orcish Mines
 26385 | Orc:2    | Found a staircase to the Elven Halls.
 26537 | Orc:2    | Noticed Saint Roka
 26587 | Orc:2    | Killed Saint Roka
 26587 | Orc:2    | Received a gift from Okawaru
 26604 | Orc:2    | Got a distressingly furry crystal plate armour {god gift}
 26611 | Orc:2    | Identified the +9 crystal plate armour of Past Mistakes
                  | {Str+8} (Okawaru gifted it to you on level 2 of the Orcish
                  | Mines)
 26869 | Orc:2    | Found Nenuipast's Gadget Emporium.
 26869 | Orc:2    | Found Qifaeliqi's Magic Scroll Shoppe.
 26869 | Orc:2    | Found Udyr Umi's Antique Armour Shoppe.
 26878 | Orc:2    | Found Paeth's Antique Weapon Emporium.
 26882 | Orc:2    | Bought a spiked chain mail for 256 gold pieces
 26882 | Orc:2    | Identified the +4 chain mail of the Realm of Zot {MR+
                  | Dex+2} (You bought it in a shop on level 2 of the Orcish
                  | Mines)
 26887 | Orc:2    | Bought a scroll of fog for 26 gold pieces
 26887 | Orc:2    | Bought a scroll of identify for 26 gold pieces
 26887 | Orc:2    | Bought a scroll of identify for 26 gold pieces
 26936 | Orc:1    | Found Voazicsu's Assorted Antiques.
 26947 | Orc:1    | Bought an ivory ring for 130 gold pieces
 27393 | Orc:2    | Paralysed by an orc sorcerer for 6 turns
 27402 | Orc:2    | Paralysed by an orc sorcerer for 4 turns
 27892 | Spider:1 | Entered Level 1 of the Spider Nest
 29075 | Spider:2 | HP: 2/129 [tarantella (6)]
 29076 | Spider:2 | Mangled by a wolf spider

Levels and vault maps discovered:
D:1:      mrwooster_arrival_arrow, layout_loops_ring, minmay_misc_feat_diagonals
D:2:      cheibrodos_fertilizer, layout_rooms, okawaru_ov_weapons_minmay
D:3:      layout_basic
D:4:      layout_rooms, minmay_temple_entry_tees, serial_shops, shop_fountains,
          first_ration
D:5:      layout_layer_cave, fedhas_altar_4
D:6:      layout_cave_pods, hex_large, st_stairs_7
D:7:      layout_loops_ring, kennysheep_generic_room_14, uniq_joseph
D:8:      cheibrodos_two_vegetables, layout_basic, overflow_temple_1_default,
          chequers_serial_rivers_micro_b
D:9:      layout_roguey, erik_lair_orcish_takeover, uniq_prince_ribbit1
D:10:     layout_loops_corners, hangedman_fish_farm, uniq_snorg
D:11:     minmay_the_grid_triangle_9x9_rhombus_thin
          [minmay_the_grid_triangle_9x9_shrine,
          minmay_the_grid_triangle_9x9_prize_schism,
          minmay_the_grid_triangle_9x9_alien,
          minmay_the_grid_triangle_9x9_descending_squares], layout_loops_ring,
          zombieorc2_lemuel, special_room [special_room_bee],
          gammafunk_ghost_berserking_beasts
D:12:     layout_loops_ring, ploomutoo_gammafunk_ghost_potion_laboratory
D:13:     layout_irregular_city, erik_vaults_2, gammafunk_ghost_cemetery,
          kennysheep_small_square
D:14:     layout_loops_ring, basic_altar
D:15:     hangedman_depths_entry_civil_slaughter, layout_rooms, special_room
          [special_room_orc], enter_trove_3
Lair:1:   layout_gridlike, serial_bayou_shore_b, uniq_grum, uniq_sonja
Lair:2:   layout_hall_layers
Lair:3:   layout_chaotic_city, minmay_swamp_entry_worms, grunt_megastairs_2
Lair:4:   layout_long_grid, nicolae_spider_entry_non_spiders
Lair:5:   layout_small_grid, slime_altar_1, portal_ice_cave_entry_imps,
          serial_bayou_pond_b
Lair:6:   due_jungle_book, layout_regular_city, lemuel_centaur_altar,
          lemuel_fruit_tree
Spider:1: layout_spider_delve
Spider:2: spiders_nest_a, gammafunk_ghost_split, uniq_arachne
Orc:1:    layout_diamond_mine, serial_shops, shop_fountains, sword_in_stone
Orc:2:    st_orc_mages, layout_caves, uniq_saint_roka

Skill      XL: |  1  2  3  4  5  6  7  8  9 10 11 12 13 14 15 16 |
---------------+-------------------------------------------------+-----
Short Blades   | 1 2 3 4 5 6 7 8 9 10 | 10.8
Long Blades    | 1 2 3 4 5 6 7 8 9 10 | 10.8
Axes           | 1 2 3 4 5 6 7 8 9 10 | 10.8
Polearms       | 1 2 3 4 5 6 7 8 9 10 | 10.8
Staves         | 1 2 3 4 5 6 7 8 9 10 | 10.8
Slings         | 1 2 3 4 5 6 7 8 9 10 | 10.8
Bows           | 1 2 3 4 5 6 7 8 9 10 | 10.8
Crossbows      | 1 2 3 4 5 6 7 8 9 10 | 10.8
Throwing       | 1 2 3 4 5 6 7 8 9 10 | 10.8
Dodging        | 1 2 3 4 5 6 7 8 9 10 | 10.8
Stealth        | 1 2 3 4 5 6 7 8 9 10 | 10.8
Unarmed Combat | 1 2 3 4 5 6 7 8 9 10 | 10.8
Spellcasting   | 1 2 3 4 5 6 7 8 9 10 | 10.8
Conjurations   | 1 2 3 4 5 6 7 8 9 |  9.2
Hexes          | 1 2 3 4 5 6 7 8 9 |  9.2
Charms         | 1 2 3 4 5 6 7 8 9 |  9.2
Summonings     | 1 2 3 4 5 6 7 8 9 |  9.2
Necromancy     | 1 2 3 4 5 6 7 8 9 |  9.2
Translocations | 1 2 3 4 5 6 7 8 9 |  9.2
Transmutations | 1 2 3 4 5 6 7 8 9 |  9.2
Fire Magic     | 1 2 3 4 5 6 7 8 9 |  9.2
Ice Magic      | 1 2 3 4 5 6 7 8 9 |  9.2
Air Magic      | 1 2 3 4 5 6 7 8 9 |  9.2
Earth Magic    | 1 2 3 4 5 6 7 8 9 |  9.2
Poison Magic   | 1 2 3 4 5 6 7 8 9 |  9.2
Invocations    | 1 2 3 4 5 6 7 8 9 10 11 | 11.7
Evocations     | 1 2 3 4 5 6 7 8 9 10 | 10.8
Maces & Flails | 5 6 7 8 9 10 11 | 11.6
Fighting       | 7 8 9 10 11 12 | 12.4
Armour         | 7 8 9 10 11 12 | 12.4
Shields        | 7 8 9 10 11 12 | 12.4

Action                   |  1- 3 |  4- 6 |  7- 9 | 10-12 | 13-15 | 16-18 || total
-------------------------+-------+-------+-------+-------+-------+-------++-------
Melee: Flail             |    89 |     9 |   448 |   792 |    55 |       ||  1393
       Bite              |     6 |    10 |    71 |   169 |   368 |    84 ||   708
       Hand axe          |       |    81 |       |       |       |       ||    81
       Double sword      |       |       |       |   198 |  1042 |       ||  1240
       Punch             |       |       |       |     7 |       |       ||     7
       Broad axe         |       |       |       |       |   417 |   358 ||   775
       Morningstar       |       |       |       |       |       |    38 ||    38
Invok: Heroism           |       |       |       |     7 |     8 |     5 ||    20
       Finesse           |       |       |       |       |     1 |     2 ||     3
Evoke: Wand              |       |       |       |    13 |    12 |     9 ||    34
  Use: Scroll            |     3 |     1 |    10 |    14 |    12 |    16 ||    56
       Potion            |     1 |     1 |     1 |     3 |       |     7 ||    13
 Stab: Distracted        |       |       |     1 |     2 |     1 |       ||     4
       Sleeping          |       |       |     5 |     6 |    15 |     1 ||    27
       Paralysed         |       |       |       |    10 |       |       ||    10
       Petrified         |       |       |       |       |     5 |       ||     5
  Eat: Chunk             |       |     2 |    15 |    10 |    28 |    10 ||    65
       Ration            |       |       |       |     5 |     3 |     2 ||    10
Armor: Scale mail        |    36 |    30 |   137 |    78 |       |       ||   281
       Chain mail        |       |       |       |    96 |   370 |   142 ||   608
       Acid dragon scale |       |       |       |   102 |   292 |       ||   394
       Crystal plate arm |       |       |       |       |       |    27 ||    27
Dodge: Dodged            |    33 |    42 |   200 |   507 |  1020 |   274 ||  2076
Block: Shield            |    80 |    57 |   341 |   777 |  1773 |   357 ||  3385
       Reflection        |       |       |     1 |    13 |    41 |    13 ||    68
       Other             |       |       |       |    19 |       |       ||    19
       Rpst.: Double sword |       |       |       |    44 |   123 |       ||   167

Table legend:
 A = Non-vault XP
 B = Vault XP
 C = Vault XP percentage of total XP
 D = Non-vault monster count
 E = Vault monster count
 F = Vault count percentage of total count
                 A         B        C        D         E       F
            +---------+---------+-------+---------+---------+-------
      Total |  109476 |   56704 |  34.1 |     572 |     284 |  33.2
            +---------+---------+-------+---------+---------+-------
        D:1 |      34 |       0 |   0.0 |      21 |       0 |   0.0
        D:2 |     344 |      90 |  20.7 |      26 |      16 |  38.1
        D:3 |      55 |       0 |   0.0 |      17 |       0 |   0.0
        D:4 |     913 |       0 |   0.0 |      18 |       0 |   0.0
        D:5 |     521 |       0 |   0.0 |      22 |       0 |   0.0
        D:6 |     538 |       3 |   0.6 |      18 |       1 |   5.3
        D:7 |    2256 |     605 |  21.1 |      21 |       2 |   8.7
        D:8 |     819 |    1504 |  64.7 |      20 |      16 |  44.4
        D:9 |    1170 |     121 |   9.4 |      22 |       3 |  12.0
       D:10 |    3458 |    1497 |  30.2 |      20 |       2 |   9.1
       D:11 |    3940 |    8770 |  69.0 |      18 |      72 |  80.0
       D:12 |    9761 |    3975 |  28.9 |      57 |       4 |   6.6
       D:13 |    6363 |    4195 |  39.7 |      31 |       5 |  13.9
       D:14 |    7594 |    1824 |  19.4 |      30 |       7 |  18.9
       D:15 |    9629 |    4163 |  30.2 |      23 |      19 |  45.2
     Lair:1 |    1257 |    1347 |  51.7 |       7 |       5 |  41.7
     Lair:2 |    2836 |       0 |   0.0 |       9 |       0 |   0.0
     Lair:3 |    4573 |     802 |  14.9 |      27 |       3 |  10.0
     Lair:4 |    7956 |     445 |   5.3 |      24 |       8 |  25.0
     Lair:5 |   12839 |    1326 |   9.4 |      31 |      16 |  34.0
     Lair:6 |   19998 |    3406 |  14.6 |      55 |       9 |  14.1
   Spider:1 |    5195 |       0 |   0.0 |      12 |       0 |   0.0
   Spider:2 |    1738 |       0 |   0.0 |       6 |       0 |   0.0
      Orc:1 |    1910 |     613 |  24.3 |       8 |       5 |  38.5
      Orc:2 |    3551 |   11807 |  76.9 |      28 |      55 |  66.3
    Abyss:1 |     228 |       0 |   0.0 |       1 |       0 |   0.0
      IceCv |       0 |   10211 | 100.0 |       0 |      36 | 100.0
            +---------+---------+-------+---------+---------+-------
